Map: Prion Terraces

Players

Miltreta

  • Race: Terran Terran
  • League: Bronze

Entaard - Winner!

  • Race: Protoss Protoss

VOD

Have the link to the VOD?

Description

Time

  • Played on: March 14, 2016, 10:17 a.m.
  • Length: 3:35
Show
View Real Time Build Order
Export as new Build Order

Miltreta Terran 

Build Orders:  

Get SALT Encoding   

  12  0:01  SCV  
  13  0:21  SCV  
  13  0:22  Supply Depot  
  13  0:26  Refinery  
  14  0:33  SCV  
  15  0:46  Supply Depot  
  15  0:55  Barracks  
  15  0:56  SCV  
  16  1:08  SCV  
  17  1:20  SCV  
  18  1:33  SCV  
  19  1:42  Reaper  
  19  1:45  SCV  
  21  1:58  Command Center  
  21  2:05  Orbital Command  
  21  2:13  Refinery  
  21  2:14  Reaper  
  22  2:31  SCV  
  23  3:00  Marine  
Show
View Real Time Build Order
Export as new Build Order

Entaard Protoss - Winner!

Build Orders:  

Get SALT Encoding   

  12  0:02  Probe (Chrono Boost)  
  13  0:12  Probe (Chrono Boost)  
  14  0:21  Pylon  
  14  0:23  Probe (Chrono Boost)  
  15  0:40  Probe (Chrono Boost)  
  16  0:45  Pylon  
  16  0:47  Assimilator  
  16  0:59  Probe (Chrono Boost)  
  17  1:08  Gateway  
  17  1:10  Gateway  
  17  1:15  Pylon  
  17  1:19  Probe (Chrono Boost)  
  18  1:29  Probe (Chrono Boost)  
  19  1:43  Probe (Chrono Boost)  
  20  1:53  Probe (Chrono Boost)  
  21  1:56  Zealot (Chrono Boost)  
  25  2:01  Gateway  
  25  2:02  Zealot (Chrono Boost)  
  25  2:05  Probe  
  26  2:13  Cybernetics Core  
  26  2:17  Probe  
  26  2:21  Zealot (Chrono Boost)  
  29  2:29  Zealot (Chrono Boost)  
  31  2:33  Pylon  
  31  2:45  Zealot (Chrono Boost)  
  35  2:53  Zealot (Chrono Boost)  
  35  2:56  Zealot (Chrono Boost)  
  37  3:10  Zealot (Chrono Boost)  
Tags
 
Add a new tag
Caveats
  • Supply blocks, unpowered buildings, or Contaminate may cause inaccurate times.
  • Supply counts are checked every 10 seconds.